General information
- name: Local Game (timg5strok)
- type: Custom game
- host: timg5strok
- saver: timg5strok
map: TerenasStand
- players: 2
- length: 17:29
- speed: Fast
- version: 1.24 W3XP
- replay type: Public
» download(135 KB)
Players
team 1 (winner)
timg5strok (
gray | 198 APM | 3455 actions | 17:29)
4 Archmage
2 Summon Water Elemental
2 Brilliance Aura
2 Firelord
1 Summon Lava Spawn
1 Soul Burn
» actions
| Assign group hotkey | 37 | |
| Basic commands | 68 | |
| Build / train | 71 | |
| Enter build submenu | 27 | |
| Enter hero's abilities submenu | 6 | |
| Give item / drop item | 1 | |
| Right click | 1761 | |
| Select / deselect | 389 | |
| Select group hotkey | 991 | |
| Use ability | 104 | |
3455 total
» units
| Peasant | 14 | |
| Footman | 13 | |
| Sorceress | 2 | |
| Priest | 3 | |
32 total
» upgrades
| Defend | 1 | |
| Magic Sentry | 1 | |
| Sorceress Training | 1 | |
| Masonry | 1 | |
| Priest Training | 1 | |
5 total
» buildings
| Altar of Kings | 1 | |
| Barracks | 1 | |
| Farm | 7 | |
| Scout Tower | 11 | |
| Arcane Tower | 2 | |
| Arcane Vault | 2 | |
| Keep | 1 | |
| Lumber Mill | 1 | |
| Arcane Sanctum | 2 | |
| Guard Tower | 8 | |
| Castle | 1 | |
| Blacksmith | 1 | |
38 total
» build order
00:05 Altar of Kings
00:10 Barracks
00:17 Farm
00:54 Farm
01:41 Farm
02:26 Scout Tower
03:03 Arcane Tower
03:06 Arcane Vault
03:20 Farm
04:33 Keep
05:57 Farm
06:12 Farm
06:14 Lumber Mill
07:05 Arcane Sanctum
07:52 Scout Tower
07:52 Scout Tower
07:52 Scout Tower
07:53 Scout Tower
08:19 Guard Tower
08:31 Guard Tower
09:04 Arcane Tower
09:19 Arcane Vault
09:53 Guard Tower
10:39 Scout Tower
10:39 Scout Tower
11:07 Guard Tower
11:11 Guard Tower
12:06 Scout Tower
12:06 Scout Tower
13:02 Guard Tower
14:14 Arcane Sanctum
14:17 Castle
14:23 Scout Tower
14:23 Scout Tower
15:00 Guard Tower
16:01 Guard Tower
16:29 Blacksmith
16:33 Farm
» items
| Dust of Appearance | 2 | |
| Boots of Speed | 1 | |
| Scroll of Regeneration | 3 | |
| Lesser Clarity Potion | 3 | |
| Circlet of Nobility | 1 | |
| Periapt of Vitality | 1 | |
| Potion of Healing | 3 | |
14 total
team 2 (loser)
Asp_ (
purple | 205 APM | 3580 actions | 17:28)
3 Blademaster
1 Critical Strike
2 Wind Walk
3 Shadow Hunter
1 Hex
2 Healing Wave
» actions
| Assign group hotkey | 17 | |
| Basic commands | 29 | |
| Build / train | 69 | |
| Enter build submenu | 14 | |
| Enter hero's abilities submenu | 6 | |
| Give item / drop item | 2 | |
| Right click | 1719 | |
| Select / deselect | 370 | |
| Select group hotkey | 1175 | |
| Use ability | 179 | |
3580 total
» units
| Peon | 15 | |
| Grunt | 7 | |
| Raider | 6 | |
| Spirit Walker | 1 | |
| Demolisher | 5 | |
34 total
» upgrades
| Berserker Strength | 1 | |
| Ensnare | 1 | |
| Spirit Walker Training | 1 | |
3 total
» buildings
| Altar of Storms | 1 | |
| Orc Burrow | 6 | |
| Barracks | 1 | |
| Voodoo Lounge | 2 | |
| Stronghold | 3 | |
| Beastiary | 1 | |
| Spirit Lodge | 1 | |
| War Mill | 1 | |
16 total
» build order
00:04 Altar of Storms
00:13 Orc Burrow
00:36 Barracks
01:37 Orc Burrow
01:50 Voodoo Lounge
02:56 Stronghold
02:56 Stronghold
02:57 Stronghold
04:29 Orc Burrow
05:33 Beastiary
05:45 Spirit Lodge
06:28 Orc Burrow
08:26 War Mill
09:01 Orc Burrow
09:09 Orc Burrow
11:09 Voodoo Lounge
» items
| Healing Salve | 4 | |
| Scroll of Speed | 2 | |
| Circlet of Nobility | 1 | |
| Boots of Speed | 1 | |
| Lesser Clarity Potion | 1 | |
| Potion of Healing | 4 | |
13 total
Chat log
(00:20 / All) timg5strok: creeps owned me
(00:28 / All) Asp_: in your base?
(00:43 / All) Asp_: oh you mean a scout farm
(00:45 / All) timg5strok: yeah
(00:50 / All) timg5strok: built it by top bridge
(00:59 / All) Asp_: ah k
(17:27 / All) Asp_: gg